 Dungeon Crawl Stone Soup version 0.31-a0-986-g5e6e4ef867 (webtiles) character file.

Game seed: 15752019289844045765

63 porpoise the Vexing (level 3, -2/24 HPs)
             Began as a Demonspawn Enchanter on Nov 6, 2023.
             Slain by a hobgoblin (5 damage)
             ... led by Robin
             ... on level 1 of the Dungeon.
             The game lasted 00:06:57 (1173 turns).

porpoise the Vexing (Demonspawn Enchanter)          Turns: 1173, Time: 00:06:57

Health: -2/24      AC:  2    Str:  8    XL:     3   Next: 89%
Magic:  6/6        EV: 12    Int: 18    God:
Gold:   67         SH:  0    Dex: 13    Spells: 2/7 levels left

rFire   . . .        a - +1 dagger
rCold   . . .        (no shield)
rNeg    . . .        b - +0 robe
rPois   .            (helmet restricted)
rElec   .            (no cloak)
rCorr   +            (no gloves)
SInv    .            (no boots)
Will    .....        (no amulet)
Stlth   ++           h - ring of resist corrosion
HPRegen 0.24/turn    (no ring)
MPRegen 0.10/turn

%: no passive effects
@: no status effects
A: antennae 1, demonic magic 1
a: no special abilities


You were on level 1 of the Dungeon.
You visited 1 branch of the dungeon, and saw 2 of its levels.

You collected 67 gold pieces.

Inventory:

Hand Weapons
 a - a +1 dagger (weapon)
Armour
 b - a +0 robe (worn)
Jewellery
 h - a ring of resist corrosion (left hand)
Scrolls
 d - a scroll of noise {unknown}
Potions
 c - a potion of invisibility
 e - a potion of ambrosia {unknown}
 g - a potion of curing {unknown}


   Skills:
 + Level 2.1 Short Blades
 - Level 1.7 Dodging
 - Level 2.6 Stealth
 - Level 2.5 Spellcasting
 + Level 3.6 Hexes
 + Level 0.5 Ice Magic


You had 2 spell levels left.
You knew the following spells:

 Your Spells              Type           Power      Damage    Failure   Level
a - Confusing Touch       Hex            15%        N/A       12%         3
e - Ensorcelled Hibernat  Hex/Ice        18%        N/A       11%         2

Your spell library contained the following spells:

 Spells                   Type           Power      Damage    Failure   Level
 Jinxbite                 Hex            30%        N/A       6%          2
 Apportation              Tloc           4%         N/A       17%         1
 Tukima's Dance           Hex            15%        N/A       12%         3
 Dazzling Flash           Conj/Hex       16%        N/A       24%         3
 Alistair's Intoxication  Tmut/Pois      1%         N/A       99%         5


Dungeon Overview and Level Annotations

Branches:
Dungeon (2/15)

Altars:


Innate Abilities, Weirdness & Mutations

You have a pair of small antennae on your head.
Spells you cast may paralyse adjacent enemies.


Message History

You closely miss the goblin. The goblin hits you with a +0 dagger.
You closely miss the goblin. The goblin closely misses you.
You barely miss the goblin. The goblin hits you with a +0 dagger.
You closely miss the goblin. The goblin hits you but does no damage.
You hit the goblin. You punch the goblin, but do no damage.
The goblin is severely wounded.
You closely miss the goblin.
The goblin is severely wounded.
The goblin hits you with a +0 dagger.
You are too injured to fight recklessly!
You are too injured to fight recklessly!
You are too injured to fight recklessly!
You hit the goblin.
You kill the goblin!
You barely miss the goblin. The goblin misses you.
You hit the goblin.
You kill the goblin!
You barely miss the goblin. The goblin hits you with a +0 dagger.
You barely miss the goblin. The goblin barely misses you.
You hit the goblin.
The goblin is moderately wounded.
The goblin hits you with a +0 dagger.
You hit the goblin.
You kill the goblin!
You closely miss the goblin. The goblin barely misses you.
You barely miss the goblin. You hit the goblin.
You kill the goblin!
You barely miss the hobgoblin. The hobgoblin barely misses you.
You hit the hobgoblin but do no damage. The hobgoblin hits you.
You hit the hobgoblin but do no damage. The hobgoblin hits you.
* * * LOW HITPOINT WARNING * * *
The hobgoblin hits you.
* * * LOW HITPOINT WARNING * * *
You climb upwards.
There is a stone staircase leading down here.
You hit the hobgoblin.
The hobgoblin is severely wounded.
The hobgoblin hits you.
You die...

######## .......#
######.# #.# #.#
#.# #.############
##.##...†..g@[#
####......######)#
##.........# #.#
#...#..###.## #.#
............# #.#
#.#.#.####..# #.#
######## #.)#
#.### ♣♣...♣.♣
#..# #...##
......♣♣♣####
##...#####


You could see a hobgoblin.

Vanquished Creatures
  Robin (D:1)
  2 dart slugs (D:1)
  4 ball pythons (D:1)
  5 endoplasms (D:1)
  10 goblins
  3 hobgoblins (D:1)
  6 quokkas (D:1)
  4 bats (D:1)
  2 frilled lizards (D:1)
  4 kobolds (D:1)
  A rat (D:1)
42 creatures vanquished.

Notes
Turn   | Place    | Note
-------+----------+-------------------------------------------
     0 | D:1      | porpoise the Demonspawn Enchanter began the quest for the
                  | Orb.
     0 | D:1      | Reached XP level 1. HP: 13/13 MP: 3/3
    74 | D:1      | Reached skill level 1 in Short Blades
   228 | D:1      | Gained mutation: Spells you cast may paralyse adjacent
                  | enemies. [demonic ancestry]
   228 | D:1      | Reached XP level 2. HP: 19/19 MP: 5/5
   336 | D:1      | Learned a level 2 spell: Ensorcelled Hibernation
   693 | D:1      | Gained mutation: You have a pair of small antennae on your
                  | head. [demonic ancestry]
   693 | D:1      | Reached XP level 3. HP: 24/24 MP: 6/6
  1049 | D:1      | Learned a level 3 spell: Confusing Touch
  1068 | D:2      | Identified the +1 helmet of Inviolability {+Inv rPois rF+}
  1068 | D:2      | Noticed Robin
  1091 | D:1      | Killed Robin
  1173 | D:1      | Slain by a hobgoblin

Illustrated notes

Levels and vault maps discovered:
D:1:      sevenhm_arrival_forest_fort_large_3, layout_loops_ring
D:2:      layout_basic, serial_shops, shop, serial_co_window_serial,
          co_window_paths_b, co_window_paths_b, co_window_paths_b,
          co_window_corner_a, co_window_corner_a, co_window_corner_a,
          co_window_unsneaky_path_b, co_window_unsneaky_path_c,
          co_window_paths_c, co_window_broadway_a, co_window_paths_c,
          glass_columns_b, glass_columns_b, glass_columns_b,
          serial_bayou_ford_a, uniq_terence, uniq_robin

Skill      XL: |  1  2  3 |
---------------+----------+-----
Short Blades   | 1 2 |  2.1
Dodging        | |  1.7
Stealth        | |  2.6
Spellcasting   | |  2.5
Hexes          | |  3.6
Ice Magic      | |  0.5

Action                     || total
---------------------------++-------
  Melee: Dagger            ||   156
         Punch             ||     2
  Throw: Dart              ||     2
   Cast: Ensorcelled Hiber ||     3
    Use: Potion            ||     1
   Stab: Sleeping          ||    12
 Armour: Robe              ||    68
  Dodge: Dodged            ||   106

Table legend: (Time is in decaauts)
 A = Elapsed time spent in this place.
 B = Non-inter-level travel time spent in this place.
 C = Inter-level travel time spent in this place.
 D = Time resting spent in this place.
 E = Time spent auto-exploring this place.
 F = Levels seen in this place.
 G = Mean time per level.
                   A        B        C        D        E       F      G
               +--------+--------+--------+--------+--------+-----+--------+
         Total |   1166 |   1147 |     19 |    162 |    655 |   2 |  583.0 |
       Dungeon |   1166 |   1147 |     19 |    162 |    655 |   2 |  583.0 |
               +--------+--------+--------+--------+--------+-----+--------+

Top non-repeatable levels by time:
     D:1: 1129 daAuts
     D:2: 36 daAuts
